 Dungeon Crawl Stone Soup version 0.17.2-1-ge4368a0 (webtiles) character file.

29906 Goblin1989 the Martial Artist (level 13, -4/104 HPs)
             Began as a Demonspawn Monk on Nov 3, 2016.
             Was an Initiate of Gozag.
             Slain by Rupert
             ... wielding a +2 great mace of holy wrath
              (25 damage)
             ... on level 6 of the Lair of Beasts on Nov 4, 2016.
             The game lasted 01:03:56 (18476 turns).

Goblin1989 the Martial Artist (Demonspawn Monk)    Turns: 18476, Time: 01:03:57

Health: -4/104     AC: 20    Str: 21    XL:     13   Next: 17%
Magic:  13/13      EV: 22    Int:  9    God:    Gozag
Gold:   2340       SH:  6    Dex: 23    Spells: 1 memorised, 5 levels left

rFire  x . .     SeeInvis +       - Unarmed
rCold  . . .     Clarity  .     c - +0 scale mail "Ruon" {MR+}
rNeg   + . .     SustAt   .     a - +0 buckler
rPois  +         Gourm    .     (helmet restricted)
rElec  +         Spirit   .     x - +1 cloak {MR+}
rCorr  .         Warding  +     v - +0 pair of gloves
rMut   .         Stasis   .     y - +1 pair of boots
MR     ++...                    C - amulet "Qihulic" {Ward rPois rF- rN+ Str+3 Stlth+}
Stlth  ++++......               S - ring "Piwkukac" {rElec Str+3 Int-2 SInv}
                                (no ring)

@: agile, flying, very slightly contaminated, invisible, very resistant to
hostile enchantments, stealthy
A: horns 2, iridescent scales 2, demonic guardian 2, nightstalker 1
a: Potion Petition, Call Merchant, Bribe Branch, Renounce Religion


You were on level 6 of the Lair of Beasts.
You worshipped Gozag.
Gozag was noncommittal.
You were very full.

You visited 2 branches of the dungeon, and saw 16 of its levels.
You also visited: Ossuary.

You collected 3834 gold pieces.
You spent 757 gold pieces at shops.
You paid 737 gold pieces to Gozag.

Inventory:

Missiles
 Z - a throwing net {=f, !d}
Armour
 a - a +0 buckler (worn)
 c - the +0 scale mail "Ruon" (worn) {MR+}
   (You bought it in a shop on level 5 of the Dungeon)

   It affects your resistance to hostile enchantments.
 v - a +0 pair of gloves (worn)
 x - a +1 cloak of magic resistance (worn)
 y - a +1 pair of boots (worn)
Jewellery
 z - the amulet "Pinul" {Spirit *Confuse +Blink rPois Int+3}
   (You found it on level 6 of the Dungeon)

   [amulet of guardian spirit]

   It causes incoming damage to be split between your health and magic.
   It affects your intelligence (+3).
   It protects you from poison.
   It lets you blink.
   It may confuse you when you take damage.
 C - the amulet "Qihulic" (around neck) {Ward rPois rF- rN+ Str+3 Stlth+}
   (You bought it in a shop on level 9 of the Dungeon)

   [amulet of warding]

   It may prevent the melee attacks of summoned creatures.
   It affects your strength (+3).
   It makes you vulnerable to fire.
   It protects you from poison.
   It protects you from negative energy.
   It makes you more stealthy.
 H - an uncursed amulet of stasis {!P}
 Q - an uncursed amulet of warding
 S - the ring "Piwkukac" (right hand) {rElec Str+3 Int-2 SInv}
   (You found it on level 2 of the Lair of Beasts)

   [ring of strength]

   It affects your strength (+3).
   It affects your intelligence (-2).
   It insulates you from electricity.
   It lets you see invisible.
Wands
 d - a wand of frost (5)
 h - a wand of hasting (3) {!v, @v3}
 p - a wand of random effects (25)
 t - a wand of digging (11)
 w - a wand of draining (8)
 F - a wand of cold (8)
 I - a wand of fireball (0)
 L - a wand of lightning (0)
 N - a wand of digging (10)
Scrolls
 e - 6 scrolls of remove curse {@r2}
 g - a scroll of amnesia
 j - 5 scrolls of fear
 l - 4 scrolls of recharging
 m - 4 scrolls of fog
 n - 5 scrolls of noise {!r}
 r - 2 scrolls of enchant weapon {unknown}
 B - 5 scrolls of blinking
 J - 3 scrolls of vulnerability {!r}
 K - a scroll of acquirement {unknown}
 M - 3 scrolls of enchant armour
 O - a scroll of brand weapon {unknown}
 P - a scroll of immolation {unknown}
 T - 6 scrolls of teleportation {!r, @r4}
Potions
 f - 2 potions of brilliance
 i - 3 potions of agility
 o - 3 potions of flight
 q - a potion of lignification {!q}
 s - 9 potions of curing {@q1}
 u - 3 potions of heal wounds {!q, @q2}
 D - 2 potions of magic
 E - a potion of resistance
Books
 k - an Akashic Record

   Spells                             Type                      Level
   a - Dispersal                      Translocation                6
   b - Malign Gateway                 Summoning/Translocation      7
   c - Disjunction                    Translocation                8
   d - Controlled Blink               Translocation                8
Comestibles
 b - 2 bread rations {@e1}
 U - 3 fruits


   Skills:
 + Level 10.7 Fighting
 + Level 9.3 Armour
 + Level 7.5 Dodging
 - Level 1.7 Stealth
 - Level 4.0 Shields
 * Level 13.9 Unarmed Combat


You had 5 spell levels left.
You knew the following spells:

 Your Spells              Type           Power        Failure   Level  Hunger
a - Dragon Form           Trmt           #.........   100%        7    #######


Dungeon Overview and Level Annotations

Branches:
Dungeon (10/15)            Temple (0/1) D:5            Lair (6/8) D:9
 Shoals (0/4) Lair:4        Snake (0/4) Lair:4
  Slime: Lair:6-8       Orc: D:9-12

Altars:
Ashenzari
Cheibriados
Gozag
Kikubaaqudgha
Nemelex Xobeh
Okawaru
Qazlal
Ru
Trog

Shops:
D:5 [(   D:9 =

Annotations:
D:4 exclusion: Menkaure, Menkaure
D:6 Dowan
Lair:3 exclusion: oklob plant
Lair:6 Rupert


Innate Abilities, Weirdness & Mutations

You have a pair of horns on your head.
You are mostly covered in iridescent scales (AC +6).
A demonic guardian rushes to your aid.
You are slightly more attuned to the shadows.


Message History

You punch Rupert! Your headbutt misses Rupert.
Rupert is heavily wounded.
Rupert barely misses you.
You barely miss Rupert.
Rupert is heavily wounded.
You barely miss Rupert.
Rupert is heavily wounded.
Rupert barely misses you. Rupert barely misses you.
You punch Rupert! You headbutt Rupert.
Rupert is heavily wounded.
Unknown command.
You completely miss Rupert. You headbutt Rupert!
Rupert is heavily wounded.
Your sixfirhy hits Rupert!
Your sixfirhy shocks Rupert!
Rupert hits you with a great mace of holy wrath!!
* * * LOW HITPOINT WARNING * * *
You convulse!!
You die...
Your body crumbles into a pile of gold.

█.█P..$$█:██ █.
█.█ ██████.§$████
.@ █
██P████.██.███
█P.
█............██
█..
█P..........█.█
█............██
██...........█
█...........██
█......4@...P█
██.▲.█.█@.█.██
█...██....███
██.█.█████.█
█...██ ███
███....██████
..........>.██
██............██
█..........P..█..


You could see Rupert (berserk) and a friendly sixfirhy.

Vanquished Creatures
  Josephine (Lair:6)
  3 hydras
  A death yak (Lair:5)
  8 black mambas
  13 elephants
  Maurice (D:9)
  2 torpor snails (Lair:5)
  Psyche (D:9)
  7 spiny frogs
  7 komodo dragons
  A merfolk (Lair:4)
  The ghost of ololoev the Cleaver, an amateur DsFi (D:5)
  4 blink frogs (Lair:5)
  2 humans (D:8)
  2 wraiths (Lair:6)
  A wyvern (Lair:5)
  15 yaks
  5 hippogriffs
  8 water moccasins
  Duvessa (D:6)
  13 wolves
  5 porcupines
  5 sky beasts
  2 ice beasts
  The ghost of Goblin1989 the Skirmisher, an amateur DsHu (D:4)
  2 orc warriors
  A black bear (D:7)
  4 ogres
  A wasp (D:10)
  6 crocodiles
  A centaur (D:10)
  Blork the orc (D:6)
  10 giant frogs
  A gnoll sergeant (D:5)
  A water moccasin zombie (Ossuary)
  2 scorpions
  2 electric eels
  4 crimson imps
  Crazy Yiuf (D:7)
  2 giant frog skeletons (D:5)
  4 orc wizards
  3 orc priests
  8 worker ants
  11 iguanas
  3 hounds
  18 sheep
  7 big kobold zombies (Ossuary)
  2 mummies (Ossuary)
  A worker ant zombie (D:5)
  13 river rats
  18 adders
  A shadow imp (D:8)
  16 gnolls
  An ooze (D:3)
  7 adder zombies
  2 worms
  An adder skeleton (D:8)
  3 giant geckos
  22 orcs
  A ball python (Lair:4)
  13 bats
  7 giant cockroaches
  2 gnoll zombies (Ossuary)
  6 hobgoblins
  7 kobolds
  A quokka (D:2)
  A giant gecko skeleton (D:7)
  5 giant newts
  13 goblins
  2 hobgoblin zombies (Ossuary)
  7 jackals
  7 kobold zombies (Ossuary)
  5 orc zombies (Ossuary)
  A quokka skeleton (D:9)
  A quokka zombie (D:5)
  9 rats
  5 plants (Lair:5)
383 creatures vanquished.

Vanquished Creatures (collateral kills)
  A griffon (Lair:5)
  2 elephants (Lair:5)
  2 black mambas (Lair:4)
  A komodo dragon (Lair:5)
  3 blink frogs (Lair:5)
  A wraith (Lair:6)
  3 yaks
  2 hungry ghosts
  Edmund (D:6)
  2 water moccasins (Lair:2)
  9 wolves
  A centaur (D:9)
  An ogre (D:7)
  2 giant frogs
  A centaur skeleton (D:8)
  An orc priest (D:10)
  An orc wizard (D:5)
  Terence (D:3)
  An adder (D:7)
  2 river rats (Lair:5)
  2 orcs
  A ball python (Lair:4)
  A plant (Lair:4)
42 creatures vanquished.

Vanquished Creatures (others)
  2 gnolls (D:10)
  6 fungi
  3 plants
11 creatures vanquished.

Grand Total: 436 creatures vanquished

Notes
Turn   | Place    | Note
--------------------------------------------------------------
     0 | D:1      | Goblin1989 the Demonspawn Monk began the quest for the Orb.
     0 | D:1      | Reached XP level 1. HP: 18/18 MP: 1/1
    70 | D:1      | Reached skill level 4 in Unarmed Combat
   253 | D:1      | Gained mutation: You are partially covered in iridescent scales (AC +4). [demonic ancestry]
   253 | D:1      | Reached XP level 2. HP: 8/24 MP: 2/2
  1129 | D:2      | Gained mutation: You are slightly more attuned to the shadows. [demonic ancestry]
  1129 | D:2      | Reached XP level 3. HP: 29/29 MP: 3/3
  1738 | D:2      | Reached skill level 5 in Unarmed Combat
  1798 | D:3      | Found a faded altar to an unknown god.
  1878 | D:3      | Gained mutation: A weak demonic guardian rushes to your aid. [demonic ancestry]
  1878 | D:3      | Reached XP level 4. HP: 35/35 MP: 4/4
  2490 | D:3      | Noticed Terence
  2498 | D:3      | Killed Terence
  2809 | D:3      | Found an opulent altar of Gozag.
  2817 | D:3      | Became a worshipper of Gozag Ym Sagoz the Greedy
  3056 | D:4      | Reached XP level 5. HP: 37/41 MP: 5/5
  3248 | D:4      | Reached skill level 6 in Unarmed Combat
  3278 | D:4      | Noticed Menkaure
  3351 | D:4      | Noticed Goblin1989's ghost (amateur DsHu)
  3354 | D:5      | Entered Level 5 of the Dungeon
  3354 | D:5      | Noticed a sky beast
  3479 | D:5      | Noticed ololoev's ghost (amateur DsFi)
  3641 | D:5      | Found Qinucag's Antique Armour Shoppe.
  3657 | D:5      | Bought a fine scale mail for 279 gold pieces
  3667 | D:5      | Identified the +0 scale mail "Ruon" {MR+} (You bought it in a shop on level 5 of the Dungeon)
  3764 | D:5      | Killed ololoev's ghost
  3764 | D:5      | Reached skill level 1 in Armour
  3764 | D:5      | Reached skill level 7 in Unarmed Combat
  3764 | D:5      | Gained mutation: You are mostly covered in iridescent scales (AC +6). [demonic ancestry]
  3764 | D:5      | Reached XP level 6. HP: 11/47 MP: 6/6
  4034 | D:5      | Found an ancient bone altar of Kikubaaqudgha.
  4039 | D:5      | Found a staircase to the Ecumenical Temple.
  4055 | D:5      | Noticed an ogre
  4058 | D:5      | Killed an ogre
  4058 | D:5      | Gained mutation: You have a pair of small horns on your head. [demonic ancestry]
  4058 | D:5      | Reached XP level 7. HP: 51/53 MP: 7/7
  4228 | D:5      | Killed a sky beast
  4292 | D:5      | Found Igudedig's Antique Weapon Shoppe.
  4488 | D:6      | Noticed Dowan
  4616 | D:6      | Noticed Blork the orc
  4630 | D:6      | Killed Blork the orc
  4645 | D:6      | Noticed Edmund
  4677 | D:6      | Killed Edmund
  4908 | D:6      | Noticed Duvessa
  4962 | D:7      | Reached skill level 8 in Unarmed Combat
  5257 | D:7      | Reached XP level 8. HP: 46/61 MP: 8/8
  5543 | D:7      | Reached skill level 5 in Fighting
  5760 | D:6      | Found a bloodstained altar of Trog.
  5766 | D:6      | Got a fine bronze amulet
  5767 | D:6      | Identified the amulet "Pinul" {Spirit *Confuse +Blink rPois Int+3} (You found it on level 6 of the Dungeon)
  6471 | D:4      | Killed Goblin1989's ghost
  7158 | D:6      | Killed Duvessa
  7158 | D:6      | Reached skill level 9 in Unarmed Combat
  7216 | D:5      | Bought a buckler for 139 gold pieces
  7351 | D:7      | Noticed Crazy Yiuf
  7358 | D:7      | Killed Crazy Yiuf
  7437 | D:8      | Reached skill level 1 in Shields
  7437 | D:8      | Reached XP level 9. HP: 53/69 MP: 9/9
  7570 | D:8      | Found a sacrificial altar of Ru.
  7608 | D:8      | Found a sand-covered staircase.
  7613 | Ossuary  | Entered an ossuary
  7913 | D:8      | Found a sparkling altar of Nemelex Xobeh.
  8432 | D:8      | Found an iron altar of Okawaru.
  8509 | D:8      | Noticed an eight-headed hydra
  8552 | D:8      | Reached skill level 5 in Armour
  8636 | D:8      | Reached skill level 10 in Unarmed Combat
  9226 | D:9      | Found a stormy altar of Qazlal.
  9269 | D:9      | Found a staircase to the Lair.
  9390 | D:9      | Found a snail-covered altar of Cheibriados.
  9521 | D:9      | Noticed Psyche
  9528 | D:9      | Killed Psyche
  9653 | D:9      | Noticed Maurice
  9672 | D:9      | Killed Maurice
  9672 | D:9      | Reached XP level 10. HP: 73/79 MP: 10/10
  9842 | D:10     | Entered Level 10 of the Dungeon
 10587 | D:10     | Noticed a hill giant
 10858 | D:9      | Bought the amulet "Qihulic" {Ward rPois rF- rN+ Str+3 Stlth+} for 339 gold pieces
 10861 | Lair:1   | Entered Level 1 of the Lair of Beasts
 10890 | Lair:1   | Noticed an eight-headed hydra
 10911 | Lair:1   | Killed an eight-headed hydra
 10911 | Lair:1   | Reached skill level 11 in Unarmed Combat
 11749 | Lair:1   | Reached XP level 11. HP: 77/86 MP: 11/11
 12011 | Lair:1   | Noticed an eight-headed hydra
 12757 | Lair:2   | Reached skill level 12 in Unarmed Combat
 12998 | Lair:2   | Got a heavily runed silver ring
 12999 | Lair:2   | Identified the ring "Piwkukac" {rElec Str+3 Int-2 SInv} (You found it on level 2 of the Lair of Beasts)
 13343 | Lair:3   | Reached skill level 5 in Dodging
 14313 | Lair:3   | Noticed a six-headed hydra
 14475 | Lair:4   | Gained mutation: A demonic guardian rushes to your aid. [demonic ancestry]
 14475 | Lair:4   | Reached XP level 12. HP: 59/96 MP: 12/12
 14543 | Lair:4   | Found a staircase to the Snake Pit.
 14924 | Lair:4   | Reached skill level 13 in Unarmed Combat
 15275 | Lair:4   | Reached skill level 10 in Fighting
 15286 | Lair:4   | Learned a level 7 spell: Dragon Form
 15468 | Lair:4   | Found a staircase to the Shoals.
 15880 | Lair:4   | Found a shattered altar of Ashenzari.
 16270 | Lair:5   | Noticed a seven-headed hydra
 17631 | Lair:5   | Killed a seven-headed hydra
 17631 | Lair:5   | Gained mutation: You have a pair of horns on your head. [demonic ancestry]
 17631 | Lair:5   | Reached XP level 13. HP: 92/104 MP: 13/13
 18007 | Lair:5   | Noticed an eight-headed hydra
 18016 | Lair:5   | Killed an eight-headed hydra
 18424 | Lair:6   | Noticed Josephine
 18449 | Lair:6   | Noticed Rupert
 18450 | Lair:6   | Killed Josephine
 18476 | Lair:6   | Slain by Rupert

Action                   |  1- 3 |  4- 6 |  7- 9 | 10-12 | 13-15 || total
-------------------------+-------+-------+-------+-------+-------++-------
Melee: Unarmed           |   171 |   165 |   609 |   842 |   115 ||  1902
Invok: Potion Petition   |       |       |     1 |       |     1 ||     2
       Call Merchant     |       |       |       |     1 |       ||     1
Evoke: Wand              |       |     4 |     8 |     6 |     1 ||    19
  Use: Scroll            |       |    14 |     1 |     4 |     4 ||    23
       Potion            |       |     1 |     2 |     6 |     1 ||    10
 Stab: Sleeping          |     1 |     9 |     7 |    12 |     2 ||    31
       Distracted        |       |     2 |     3 |     6 |     1 ||    12
       Invisible         |       |       |     1 |       |       ||     1
       Paralysed         |       |       |     1 |       |       ||     1
  Eat: Chunk             |     3 |     3 |       |       |       ||     6
       Fruit             |       |     4 |     3 |       |     6 ||    13
       Pizza             |       |       |     1 |     2 |       ||     3
       Beef jerky        |       |       |     5 |       |       ||     5
       Meat ration       |       |       |     2 |       |     1 ||     3
       Bread ration      |       |       |       |     5 |       ||     5
       Royal jelly       |       |       |       |     1 |       ||     1

Vault maps used:
D:1:      dpeg_arrival_rhombus
D:3:      lemuel_upstairs_altar, overflow_temple_1_default, ecumenical_altar_1,
          uniq_terence
D:4:      serial_curves, eino_curves_04, eino_curves_02, uniq_menkaure
D:5:      minmay_temple_entry_statues_pillars, first_bread, basic_altar,
          serial_shops, shop, shop, grunt_ministairs_4
D:6:      lightli_temple_of_fire, uniq_blork_the_orc, uniq_edmund, uniq_duvessa
D:7:      fedhas_altar_3, uniq_crazy_yiuf_cottage
D:8:      nemelex_deck, nicolae_ru_great_annihilating_truth, okawaru_humans,
          nicolae_ossuary_entry_false_entrances
D:9:      grunt_qazlal_clouds, kennysheep_little_box, lair_0_dummy,
          small_statue_intersection, uniq_maurice, uniq_psyche
D:10:     erik_orc_1, basic_altar, hangedman_stone_soup
Lair:2:   st_stairs_11
Lair:3:   minmay_lair_oklob_chamber, minmay_stone_trees_small
Lair:4:   elwin_shoals_entry_rooms, minmay_snake_entry_six_corridors,
          basic_altar
Lair:5:   wad_woods_structure_01, lemuel_fruit_tree, infiniplex_staircase_pool
Lair:6:   uniq_rupert, uniq_josephine
Ossuary:  ossuary_tomb_2
